 Dungeon Crawl Stone Soup version 0.19-a0-1109-g16db51f (webtiles) character file.

171 mkbehr the Gusty (level 5, 0/28 HPs)
             Began as a Tengu Air Elementalist on Aug 9, 2016.
             Slain by a jackal skeleton (2 damage)
             ... on level 5 of the Dungeon.
             The game lasted 00:08:19 (3220 turns).

mkbehr the Gusty (Tengu Air Elementalist)           Turns: 3220, Time: 00:08:20

Health: 0/28       AC:  5    Str: 14    XL:     5   Next: 51%
Magic:  1/9        EV: 14    Int: 16    God:
Gold:   199        SH:  4    Dex: 14    Spells: 3 memorised, 2 levels left

rFire  . . .     SeeInvis .     h - +0 dagger
rCold  . . .     Gourm    .     p - +2 leather armour {MR+}
rNeg   + . .     Faith    .     w - +0 buckler
rPois  .         Spirit   .     (helmet restricted)
rElec  .         Dismiss  .     (no cloak)
rCorr  .         Reflect  .     (no gloves)
SustAt .         Harm     .     (boots unavailable)
MR     +....     Clarity  +     (no amulet)
Stlth  ++........               r - ring of positive energy
                                B - ring of wizardry

@: mighty, flying quickly and evasively, repel missiles, quick
A: beak, talons 3, clarity, able to fly 1
a: no special abilities


You were on level 5 of the Dungeon.
You were not hungry.

You visited 1 branch of the dungeon, and saw 4 of its levels.

You collected 199 gold pieces.

Inventory:

Hand Weapons
 h - a +0 dagger (weapon)
Missiles
 u - 5 needles of sleeping
 v - a throwing net (quivered)
Armour
 a - a +0 robe
 p - a +2 leather armour of magic resistance (worn)
 w - a +0 buckler (worn)
Jewellery
 r - a ring of positive energy (right hand)
 s - an uncursed ring of flight
 y - an uncursed ring of fire
 B - a ring of wizardry (left hand)
Scrolls
 e - a scroll of blinking {unknown}
 f - 3 scrolls of teleportation {unknown}
 i - 11 scrolls of identify {unknown}
 m - 2 scrolls of fog {unknown}
 q - 2 scrolls of noise {unknown}
Potions
 k - a potion of lignification {unknown}
 o - a potion of ambrosia {unknown}
 t - a potion of agility {unknown}
 x - a potion of beneficial mutation
 C - a potion of curing {unknown}
Books
 b - a book of Air

   Spells                             Type                      Level
   a - Shock                          Conjuration/Air              1
   b - Swiftness                      Charms/Air                   2
   c - Repel Missiles                 Charms/Air                   2
   d - Static Discharge               Conjuration/Air              3
   e - Lightning Bolt                 Conjuration/Air              5
Comestibles
 c - 2 bread rations
 j - a slice of pizza
 l - 2 meat rations
 n - a beef jerky
 z - 8 fruits


   Skills:
 - Level 2.1 Dodging
 - Level 2.0 Stealth
 + Level 0.8 Shields
 + Level 2.0 Spellcasting
 + Level 5.0 Conjurations
 + Level 6.0 Air Magic


You had 2 spell levels left.
You knew the following spells:

 Your Spells              Type           Power        Failure   Level  Hunger
a - Shock                 Conj/Air       ###.         1%          1    #......
b - Repel Missiles        Chrm/Air       ##....       7%          2    ###....
c - Static Discharge      Conj/Air       ###.....     6%          3    ###....


Dungeon Overview and Level Annotations

Branches:
Dungeon (3/15)

Altars:
Ashenzari
Fedhas
Kikubaaqudgha
Ru
Trog


Innate Abilities, Weirdness & Mutations

You have a beak for a mouth.
You have claws for feet.
You can fly.
You possess an exceptional clarity of mind.


Message History

The orc priest is heavily wounded.
The jackal skeleton bites you but does no damage.
The orc priest barely misses you.
It was a potion of beneficial mutation.
Your thoughts seem clearer.
You feel fantastic! The jackal skeleton misses you.
The orc priest barely misses you.
It was a potion of flight.
You feel very buoyant.
You swoop lightly up into the air.
You block the jackal skeleton's attack.
It was a potion of might.
You feel very mighty all of a sudden. You block the jackal skeleton's attack.
The orc barely misses you. The orc priest closely misses you.
The jackal skeleton misses you.
Okay, then.
You completely miss the orc priest.
The orc priest is heavily wounded.
You block the orc's attack. The orc priest barely misses you.
The jackal skeleton bites you.
You die...

##.>....<...##
##............##
#...........:..#
#..............#
#..........[...#
#...............
#..............#
#....@.......#
##..oZo.....##
#####..#####
##.# ... ....
..... .......


You could see an orc priest, an orc and a jackal skeleton.

Vanquished Creatures
  Ijyb (D:2)
  4 gnolls (D:2)
  3 adders
  2 oozes
  A worm (D:3)
  A dart slug (D:2)
  3 giant geckos
  2 orcs
  2 ball pythons (D:3)
  5 giant cockroaches
  7 goblins
  5 hobgoblins
  2 jackals (D:2)
  2 quokkas
  6 bats
  4 giant newts
  5 kobolds
  10 rats
65 creatures vanquished.

Notes
Turn   | Place    | Note
-------+----------+-------------------------------------------
     0 | D:1      | mkbehr the Tengu Air Elementalist began the quest for the Orb.
     0 | D:1      | Reached XP level 1. HP: 10/10 MP: 4/4
   193 | D:1      | Huge Dmg: 4 dmg
   193 | D:1      | Reached XP level 2. HP: 9/15 MP: 0/6
   208 | D:1      | Learned a level 2 spell: Repel Missiles
   535 | D:1      | Huge Dmg: 4 dmg
   777 | D:1      | Reached XP level 3. HP: 19/19 MP: 4/7
   782 | D:1      | Learned a level 3 spell: Static Discharge
   855 | D:2      | Found a shattered altar of Ashenzari.
   877 | D:2      | Noticed Ijyb
   885 | D:2      | Huge Dmg: 4 dmg
   898 | D:2      | Huge Dmg: 2 dmg
   904 | D:2      | Huge Dmg: 2 dmg
   907 | D:2      | Killed Ijyb
   907 | D:2      | Reached skill level 5 in Air Magic
  1259 | D:2      | Reached XP level 4. HP: 24/24 MP: 4/8
  1423 | D:2      | Huge Dmg: 8 dmg
  1481 | D:2      | Huge Dmg: 5 dmg
  1705 | D:2      | Found a bloodstained altar of Trog.
  2135 | D:2      | Gained mutation: You can fly. [Tengu growth]
  2135 | D:2      | Reached XP level 5. HP: 28/28 MP: 6/9
  2172 | D:2      | Found a blossoming altar of Fedhas.
  2174 | D:2      | Found an ancient bone altar of Kikubaaqudgha.
  2252 | D:2      | Found a sacrificial altar of Ru.
  2947 | D:3      | Reached skill level 6 in Air Magic
  3209 | D:3      | You fall through a shaft for 2 floors!
  3209 | D:5      | Entered Level 5 of the Dungeon
  3212 | D:5      | Huge Dmg: 9 dmg
  3214 | D:5      | Reached skill level 5 in Conjurations
  3215 | D:5      | HP: 1/28 [orc priest/war axe (12)]
  3216 | D:5      | Huge Dmg: 12 dmg
  3217 | D:5      | Gained mutation: You possess an exceptional clarity of mind. [potion of beneficial mutation]
  3220 | D:5      | Slain by a jackal skeleton

Vault maps used:
D:1:      nicolae_arrival_washed_ashore
D:2:      grunt_temple_overflow_growth_and_decay, evilmike_ruin_ashenzari,
          nicolae_ru_path_of_blood, marbit_many_paths, uniq_iyjb
D:5:      kennysheep_slug_shrine, basic_altar, first_bread

Skill      XL: |  1  2  3  4  5 |
---------------+----------------+-----
Conjurations   | 2 3 4 5 |  5.0
Air Magic      | 5 6 |  6.0
Dodging        | |  2.1
Stealth        | |  2.0
Shields        | |  0.8
Spellcasting   | |  2.0

Action                   |  1- 3 |  4- 6 || total
-------------------------+-------+-------++-------
Melee: Dagger            |    31 |    21 ||    52
       Kick              |     7 |     6 ||    13
       Peck              |     4 |     2 ||     6
 Cast: Shock             |    53 |    66 ||   119
       Repel Missiles    |     1 |       ||     1
       Static Discharge  |       |     5 ||     5
  Use: Potion            |       |     3 ||     3
 Stab: Sleeping          |       |     2 ||     2
  Eat: Chunk             |     2 |     8 ||    10
Armor: Robe              |     7 |       ||     7
       Leather armour    |       |     5 ||     5
Dodge: Dodged            |    22 |    25 ||    47
       Deflected         |       |     1 ||     1
Block: Buckler           |       |     5 ||     5

Vault maps used:
D:1:      nicolae_arrival_washed_ashore
D:2:      grunt_temple_overflow_growth_and_decay, evilmike_ruin_ashenzari,
          nicolae_ru_path_of_blood, marbit_many_paths, uniq_iyjb
D:5:      kennysheep_slug_shrine, basic_altar, first_bread
